 Dungeon Crawl Stone Soup version 0.28-a0-535-g6f645e4c1d (webtiles) character file.

Game seed: 17627316881380668830

3313 sanka the Cleaver (level 9, -5/73 HPs)
             Began as a Palentonga Abyssal Knight on Sept 26, 2021.
             Was a Priest of Lugonu.
             Slain by an orc warrior (27 damage)
             ... in a bailey.
             The game lasted 00:14:24 (8997 turns).

sanka the Cleaver (Palentonga Abyssal Knight)       Turns: 8997, Time: 00:14:24

Health: -5/73      AC: 21    Str: 24    XL:     9   Next: 70%
Magic:  15/15      EV:  4    Int: 11    God:    Lugonu [***...]
Gold:   1202       SH: 14    Dex: 15    Spells: 8/8 levels left

rFire   . . .      SeeInvis +   a - +0 war axe (elec)
rCold   . . .      Faith    .   K - +3 tower shield "Useatz" {Dex+3}
rNeg    . . .      Spirit   .   D - +2 robe {Will+}
rPois   .          Reflect  .   B - +0 helmet
rElec   .          Harm     .   p - +0 cloak
rCorr   .          Rampage  .   f - +1 pair of gloves
Will    +....                   (no barding)
Stlth   +.........              k - amulet of magic regeneration
HPRegen 0.22/turn               m - +6 ring of strength
MPRegen 0.39/turn               w - +4 ring of protection

@: curled up
A: large, rugged brown scales 3, see invisible, deformed body, roll 1, armoured
tail, reflexive curl
a: Rolling Charge, Renounce Religion, Depart the Abyss, Bend Space, Banish


You were in a bailey.
You worshipped Lugonu.
Lugonu was most pleased with you.
You visited 1 branch of the dungeon, and saw 8 of its levels.
You visited the Abyss 1 time.
You also visited: Bailey.

You collected 1644 gold pieces.
You spent 442 gold pieces at shops.


Innate Abilities, Weirdness & Mutations

You are completely covered in rugged brown scales. (AC +3, +7% HP)
You have supernaturally acute eyesight. (SInv)
Armour fits poorly on your strangely shaped body.
You can roll at nearby foes to attack.
You have a long armoured tail.
You curl defensively after being hit.


   Skills:
 - Level 6.0 Fighting
 + Level 10.8 Axes
 - Level 1.5 Armour
 - Level 0.7 Dodging
 + Level 0.7 Shields
 - Level 8.0 Invocations


You had 8 spell levels left.
You didn't know any spells.
Your spell library contained the following spells:

 Spells                   Type           Power      Damage    Failure   Level
 Blink                    Tloc           N/A        N/A       100%        2
 Lesser Beckoning         Tloc           0%         N/A       100%        3
 Manifold Assault         Tloc           0%         N/A       100%        5

Inventory:

Hand Weapons
 a - a +0 war axe of electrocution (weapon)
 s - a +1 dagger of venom
Missiles
 o - 3 javelins
 y - 4 throwing nets {=f}
Armour
 f - a +1 pair of gloves (worn)
 p - a +0 cloak (worn)
 B - a +0 helmet (worn)
 D - a +2 robe of willpower (worn)
 G - a +0 robe of fire resistance
 K - the +3 tower shield "Useatz" (worn) {Dex+3}

   Dex:       It affects your dexterity (+3).
Jewellery
 h - a ring of resist corrosion
 k - an amulet of magic regeneration (around neck)
 m - a +6 ring of strength (left hand)
 w - a +4 ring of protection (right hand)
Wands
 i - a wand of acid (12)
 u - a wand of flame (4)
 v - a wand of polymorph (9)
 I - a wand of iceblast (11)
Scrolls
 b - 2 scrolls of enchant weapon {unknown}
 d - 6 scrolls of teleportation {@r4}
 e - 3 scrolls of fog
 l - 2 scrolls of summoning
 q - a scroll of magic mapping {unknown}
 t - a scroll of silence {!r}
 x - a scroll of holy word
 A - a scroll of amnesia {unknown}
 H - a scroll of torment {unknown}
 J - a scroll of blinking {unknown}
Potions
 c - 2 potions of berserk rage {!q}
 g - 3 potions of curing {unknown}
 j - 8 potions of heal wounds {@q2}
 n - a potion of mutation {unknown}
 r - 2 potions of might
 z - a potion of haste {unknown}
 C - a potion of flight {unknown}
 E - a potion of lignification {unknown}
 F - a potion of attraction {unknown}

Dungeon Overview and Level Annotations

Branches:
Dungeon (8/15)             Temple (0/1) D:6          Bailey (1/1)
   Lair: D:8-11

Altars:
Fedhas
Hepliaklqana
Kikubaaqudgha
Nemelex Xobeh
Wu Jian
The Shining One

Shops:
D:5 : D:7

[ ▒▒▒ ▒▒H▒▒
▒.o.▒ ▒.#o▒
.......≈
o≈..#....≈oo
≈o≈≈.......≈≈o≈
≈≈≈..▒...▒..≈≈≈
....▒▒...▒▒....
▒▒▒▒ ▒▒∩▒▒ ▒▒▒▒


You could see 2 orc warriors.


Message History

Unknown command.
You slash the orc warrior!
Your tail-slap misses the orc warrior.
The orc warrior is moderately wounded.
You block the orc warrior's attack.
An orc warrior comes into view. It is wielding a +0 trident.
The orc knight roars a battlecry!
The orc warriors go into a battle-frenzy!
The orc warrior unwields a +0 arbalest.
The orc warrior hits you but does no damage.
The orc warrior hits you from afar with a +0 halberd!
* * * LOW HITPOINT WARNING * * *
There is a gate leading back out of this place, spattered with blood here.
You hit the orc warrior.
The orc warrior is lightly wounded.
You block the orc warrior's attack. The orc warrior hits you!
* * * LOW HITPOINT WARNING * * *
You block the orc warrior's attack.
Your shield prevents you from hitting the orc warrior.
The orc warrior is lightly wounded.
You block the orc warrior's attack. You block the orc warrior's attack.
The orc warrior hits you.
* * * LOW HITPOINT WARNING * * *
You hit the orc warrior but do no damage.
You tail-slap the orc warrior.
The orc warrior is moderately wounded.
The orc warrior hits you from afar with a +0 halberd!!
You die...

Action                   |  1- 3 |  4- 6 |  7- 9 || total
-------------------------+-------+-------+-------++-------
Melee: Hand axe          |    33 |       |       ||    33
       Tailslap          |     4 |    29 |    33 ||    66
       Dagger            |     3 |    85 |       ||    88
       Whip              |       |    66 |    30 ||    96
       Unarmed           |       |    24 |       ||    24
       War axe           |       |       |   185 ||   185
Invok: Depart the Abyss  |     1 |       |       ||     1
 Abil: Rolling Charge    |     7 |     5 |    13 ||    25
  Use: Scroll            |       |     5 |     6 ||    11
Armor: Leather armour    |    10 |    45 |    29 ||    84
       Robe              |       |       |    80 ||    80
Dodge: Dodged            |    17 |    79 |    86 ||   182
Block: Tower shield      |       |       |    22 ||    22

Levels and vault maps discovered:
D:1:      dpeg_arrival_central, layout_rooms,
          shapermc_ecumenical_altar_starsandcircs
D:2:      layout_rooms
D:3:      layout_loops_ring, kennysheep_small_spiral,
          minmay_misc_feat_more_columns
D:4:      layout_basic
D:5:      layout_rooms, chequers_temple_overflow_minitemple, serial_shops,
          shop_statue
D:6:      layout_rooms, mainiacjoe_overflow_six_doors_small,
          beargit_hepliaklqana_dungeon_heroes, minmay_temple_entry_stoned_glass,
          uniq_blork_the_orc, uniq_duvessa, uniq_grinder
D:7:      layout_loops_ring, serial_shops, nicolae_square_shop,
          hangedman_decor_growths, uniq_harold
D:8:      layout_cave_pods, lair_entry_dummy, enter_bailey_4,
          amcnicky_mini_pool_medium, uniq_pikel
Bailey:   bailey_polearm_4, bailey

Notes
Turn   | Place    | Note
-------+----------+-------------------------------------------
     0 | Abyss:1  | sanka the Palentonga Abyssal Knight began the quest for the
                  | Orb.
     0 | Abyss:1  | Reached XP level 1. HP: 19/19 MP: 2/2
    79 | Abyss:1  | Noticed a quasit
    85 | D:1      | Escaped the Abyss
   149 | D:1      | Found a faded altar of an unknown god.
   517 | D:1      | Reached XP level 2. HP: 25/25 MP: 4/4
   588 | D:1      | Reached skill level 3 in Invocations
  1093 | D:2      | Reached skill level 4 in Invocations
  1093 | D:2      | Reached XP level 3. HP: 29/31 MP: 4/6
  1120 | D:2      | Reached * piety under Lugonu
  1123 | D:2      | Reached XP level 4. HP: 36/37 MP: 7/7
  1418 | D:2      | Reached skill level 5 in Invocations
  2220 | D:3      | Reached XP level 5. HP: 40/43 MP: 9/9
  2685 | D:3      | Reached skill level 6 in Invocations
  2701 | D:3      | Reached ** piety under Lugonu
  3598 | D:4      | Reached skill level 7 in Invocations
  3598 | D:4      | Reached XP level 6. HP: 22/50 MP: 9/11
  4022 | D:4      | Identified a scroll of acquirement
  4590 | D:4      | Reached skill level 8 in Invocations
  4677 | D:5      | Entered Level 5 of the Dungeon
  4719 | D:5      | Gained mutation: You curl defensively after being hit.
                  | [Palentonga growth]
  4719 | D:5      | Reached XP level 7. HP: 19/56 MP: 13/13
  4731 | D:5      | Reached skill level 4 in Fighting
  5271 | D:5      | Found Baiss's Book Shop.
  5371 | D:5      | Reached skill level 5 in Fighting
  5567 | D:5      | Found a glowing golden altar of the Shining One.
  5567 | D:5      | Found an ornate altar of the Wu Jian Council.
  5575 | D:5      | Found a sparkling altar of Nemelex Xobeh.
  5577 | D:5      | Found an ancient bone altar of Kikubaaqudgha.
  5578 | D:5      | Found a faded altar of an unknown god.
  5870 | D:6      | Found a staircase to the Ecumenical Temple.
  5899 | D:6      | Noticed Blork the orc
  6035 | D:6      | Killed Blork the orc
  6036 | D:6      | Reached skill level 3 in Axes
  6232 | D:6      | Noticed Grinder
  6236 | D:6      | Reached XP level 8. HP: 68/68 MP: 14/14
  6245 | D:6      | Killed Grinder
  6246 | D:6      | Reached skill level 6 in Fighting
  6246 | D:6      | Reached skill level 4 in Axes
  6332 | D:6      | Found a blossoming altar of Fedhas.
  6399 | D:6      | Reached skill level 5 in Axes
  6416 | D:6      | Noticed Dowan
  6418 | D:6      | Noticed Duvessa
  6423 | D:6      | Killed Duvessa
  6427 | D:6      | Killed Dowan
  6712 | D:6      | Noticed Sigmund
  6713 | D:6      | Found a hazy altar of Hepliaklqana.
  6715 | D:6      | Found a faded altar of an unknown god.
  6728 | D:6      | Killed Sigmund
  6729 | D:6      | Reached skill level 6 in Axes
  6997 | D:6      | Identified +0 steam dragon scales
  6998 | D:6      | Reached skill level 7 in Axes
  7355 | D:6      | Reached *** piety under Lugonu
  7356 | D:6      | Reached skill level 8 in Axes
  7616 | D:7      | Reached XP level 9. HP: 58/73 MP: 15/15
  8049 | D:7      | Reached skill level 9 in Axes
  8291 | D:7      | Noticed Harold
  8424 | D:7      | Killed Harold
  8425 | D:7      | Reached skill level 10 in Axes
  8835 | D:7      | Found Womnix's Antique Armour Shoppe.
  8843 | D:7      | Bought a smouldering tower shield for 247 gold pieces
  8843 | D:7      | Identified the +3 tower shield "Useatz" {Dex+3} (You bought
                  | it in a shop on level 7 of the Dungeon)
  8852 | D:7      | Acquired 1280 gold pieces
  8854 | D:7      | Bought a pair of embroidered gloves for 195 gold pieces
  8966 | D:8      | Found a flagged portal.
  8978 | Bailey   | Entered a bailey
  8978 | Bailey   | Noticed an orc knight
  8979 | Bailey   | Noticed an orc knight
  8997 | Bailey   | Slain by an orc warrior

Vanquished Creatures
  Harold (D:7)
  Grinder (D:6)
  Sigmund (D:6)
  A wyvern (D:7)
  A steam dragon (D:6)
  A water moccasin (D:7)
  Duvessa (D:6)
  2 orc warriors
  An ogre (D:5)
  A centaur (D:7)
  2 phantoms
  Blork the orc (D:6)
  2 bullfrogs
  3 scorpions
  A gnoll sergeant (D:7)
  Dowan (D:6)
  A wyvern skeleton (D:5)
  A water moccasin skeleton (D:2)
  A centaur zombie (D:6)
  4 hounds
  4 orc priests
  2 gnoll shamans
  A scorpion zombie (D:5)
  An iguana (D:4)
  3 orc wizards
  A killer bee zombie (D:5)
  A howler monkey skeleton (D:5)
  16 gnolls
  5 adders
  2 shadow imps (D:7)
  3 worms
  4 dart slugs
  22 orcs
  7 endoplasms
  4 giant cockroaches
  10 goblins
  6 hobgoblins
  2 jackals (D:5)
  7 kobolds
  A quokka (D:3)
  3 ball pythons
  A bat (D:2)
  4 frilled lizards
  A quokka skeleton (D:4)
  4 rats
143 creatures vanquished.
